 Dungeon Crawl Stone Soup version 0.25.1-2-g60ff931df9 (webtiles) character file.

Game seed: 17944165012903692214

103 DogServant the Ruffian (level 4, -1/37 HPs)
             Began as a Draconian Transmuter on Oct 19, 2020.
             Slain by an ice beast (13 damage)
             ... on level 3 of the Dungeon.
             The game lasted 00:04:35 (3724 turns).

DogServant the Ruffian (Draconian Transmuter)       Turns: 3724, Time: 00:04:36

Health: -1/37      AC:  2    Str: 13    XL:     4   Next: 51%
Magic:  6/7        EV: 19    Int: 14    God:
Gold:   106        SH:  0    Dex: 16    Spells: 1/7 levels left

rFire    + + .     SeeInvis .     - Unarmed
rCold    . . .     Gourm    .   (shield currently unavailable)
rNeg     . . .     Faith    .   (armour unavailable)
rPois    .         Spirit   .   (helmet currently unavailable)
rElec    +         Reflect  .   (cloak currently unavailable)
rCorr    +         Harm     .   (gloves currently unavailable)
MR       .....                  (boots currently unavailable)
Stlth    +.........             (no amulet)
HPRegen  0.12/turn              i - ring of fire
MPRegen  0.10/turn              (no ring)

@: confused, spider-form (expiring), resistant, very slightly contaminated
A: tiny, unfitting armour, AC +5
a: End Transformation


You were on level 3 of the Dungeon.
You were very hungry.
You were a venomous arachnid creature.
You visited 1 branch of the dungeon, and saw 3 of its levels.

You collected 106 gold pieces.

Inventory:

Missiles
 a - 62 arrows
 e - 5 atropa-tipped darts (quivered)
 k - 5 javelins
Armour
 j - a +1 cloak (melded)
Jewellery
 i - a ring of fire (left front leg)
Scrolls
 b - 2 scrolls of remove curse
Potions
 f - 2 potions of resistance
 l - a potion of brilliance {unknown}
Comestibles
 c - 5 rations


   Skills:
 + Level 2.4 Fighting
 - Level 1.7 Dodging
 + Level 4.3 Unarmed Combat
 - Level 2.0 Spellcasting
 + Level 2.8 Transmutations
 + Level 0.4 Poison Magic


You had one spell level left.
You knew the following spells:

 Your Spells              Type           Power        Failure   Level  Hunger
a - Beastly Appendage     Tmut           #.....       21%         1    ##.....
b - Sticks to Snakes      Tmut           #.......     28%         2    ###....
c - Spider Form           Tmut/Pois      #.........   58%         3    ####...

Your spell library contained the following spells:

 Spells                   Type           Power        Failure   Level  Hunger
 Ice Form                 Ice/Tmut       #.......     92%         4    #####..
 Blade Hands              Tmut           #.........   98%         5    ######.


Dungeon Overview and Level Annotations

Branches:
Dungeon (3/15)

Altars:
Ashenzari
The Shining One

Annotations:
D:2 1 runed translucent door, Crazy Yiuf


Innate Abilities, Weirdness & Mutations

((Your plain brown scales are hard. (AC +5)))
You cannot fit into any form of body armour.
((You are cold-blooded and may be slowed by cold attacks.))


Message History

You barely miss the ice beast. The ice beast barely misses you.
You hit the ice beast but do no damage.
The ice beast is poisoned.
You hit the ice beast.
The ice beast is lightly wounded.
Your transformation is almost over.
You feel sick. The ice beast hits you. The ice beast freezes you!
You feel a terrible chill!
* * * LOW HITPOINT WARNING * * *
It was a potion of heal wounds.
You feel much better. The ice beast hits you. The ice beast freezes you!
You feel a terrible chill!
* * * LOW HITPOINT WARNING * * *
It was a potion of resistance.
You feel protected. The ice beast completely misses you.
It was a potion of ambrosia.
You are confused.
You feel invigorated.
You feel sick.
You are no longer poisoned.
The ice beast hits you. The ice beast freezes you!
You die...

####### #.....# #######.#
#.##### ........# #.....#
####.###.##..#
#.......wY##.#
#.###.....s#.# # #.#
#.#...##.########
#.###.###.##.###.....w...
#.........##.# ###.......
####...#####.# .#####.
####.....# #+# .#
#........# .# #.##.....#
Y# #.#.#...## .#


You could see an ice beast (poisoned) and a dart slug.

Vanquished Creatures
  5 adders
  A worm (D:2)
  2 dart slugs
  2 giant cockroaches
  10 goblins
  6 hobgoblins (D:2)
  7 kobolds
  8 bats
  4 frilled lizards
  5 rats
50 creatures vanquished.

Vanquished Creatures (collateral kills)
  A goblin (D:2)
  A rat (D:2)
2 creatures vanquished.

Grand Total: 52 creatures vanquished

Notes
Turn   | Place    | Note
-------+----------+-------------------------------------------
     0 | D:1      | DogServant the Draconian Transmuter began the quest for the
                  | Orb.
     0 | D:1      | Reached XP level 1. HP: 16/16 MP: 3/3
   136 | D:1      | Reached XP level 2. HP: 22/23 MP: 3/5
   736 | D:1      | Reached skill level 4 in Unarmed Combat
   810 | D:1      | Found a shattered altar of Ashenzari.
  1037 | D:2      | Reached XP level 3. HP: 23/28 MP: 4/6
  1041 | D:2      | Learned a level 2 spell: Sticks to Snakes
  1659 | D:2      | Found a runed translucent door.
  1660 | D:2      | Noticed Crazy Yiuf
  2312 | D:2      | Reached XP level 4. HP: 29/36 MP: 5/7
  2678 | D:2      | Learned a level 3 spell: Spider Form
  3106 | D:3      | Found a glowing golden altar of the Shining One.
  3701 | D:3      | Noticed an ice beast
  3724 | D:3      | Slain by an ice beast

Illustrated notes

Levels and vault maps discovered:
D:1:      dpeg_arrival_rhombus, layout_loops_ring, minmay_misc_feat_tiny,
          roderic_three_in_a_row, ashenzari_altar_1
D:2:      layout_loops_corners, minmay_tromino_v2, uniq_crazy_yiuf_cottage
D:3:      layout_loops_corners, gammafunk_temple_overflow_pools, first_ration,
          tso_metal_star

Skill      XL: |  1  2  3 |
---------------+----------+-----
Unarmed Combat | 4 |  4.3
Fighting       | 2 |  2.4
Dodging        | |  1.7
Spellcasting   | |  2.0
Transmutations | |  2.8
Poison Magic   | |  0.4

Action                   |  1- 3 |  4- 6 || total
-------------------------+-------+-------++-------
Melee: Unarmed           |   144 |    64 ||   208
       Tailslap          |     6 |     3 ||     9
       Kick              |     7 |     2 ||     9
       Headbutt          |     7 |     3 ||    10
       Punch             |     2 |       ||     2
 Cast: Beastly Appendage |    26 |     8 ||    34
       Sticks to Snakes  |     3 |       ||     3
       Spider Form       |       |     1 ||     1
  Use: Scroll            |     4 |       ||     4
       Potion            |       |     3 ||     3
 Stab: Sleeping          |     1 |       ||     1
  Eat: Chunk             |     5 |     4 ||     9
Armor: Skin              |    41 |    23 ||    64
Dodge: Dodged            |    79 |    43 ||   122
